 Dungeon Crawl Stone Soup version 0.22-a0-439-gac93bac (webtiles) character file.

114 Borgoz the Ruffian (level 4, -3/37 HPs)
             Began as a Ghoul Gladiator on May 29, 2018.
             Killed from afar by Sigmund (4 damage)
             ... with a magic dart
             ... on level 2 of the Dungeon.
             The game lasted 00:04:56 (1603 turns).

Borgoz the Ruffian (Ghoul Gladiator)                Turns: 1603, Time: 00:04:57

Health: -3/37      AC:  4    Str: 17      XL:     4   Next: 98%
Magic:  3/3        EV: 12    Int:  2 (3)  God:
Gold:   93         SH:  0    Dex: 10 (11) Spells: 3/3 levels left

rFire    . . .     SeeInvis .     - Unarmed
rCold    + . .     Gourm    .   (no shield)
rNeg     + + +     Faith    .   a - +0 leather armour
rPois    ∞         Spirit   .   b - +0 helmet
rElec    .         Reflect  .   (no cloak)
rCorr    .         Harm     .   (no gloves)
MR       .....                  (no boots)
Stlth    +.........             (no amulet)
HPRegen  0.00/turn              (no ring)
MPRegen  0.08/turn              (no ring)

@: rotting
A: rotting body, claws 1, carnivore, cold resistance 1, negative energy
resistance 3, inhibited regeneration, torment resistance, unbreathing
a: no special abilities


You were on level 2 of the Dungeon.
You were not hungry.

You visited 1 branch of the dungeon, and saw 2 of its levels.

You collected 93 gold pieces.

Inventory:

Missiles
 c - 3 throwing nets (quivered)
Armour
 a - a +0 leather armour (worn)
 b - a +0 helmet (worn)
Wands
 k - a wand of acid (6)
Scrolls
 e - 5 scrolls of identify {unknown}
 g - a scroll of enchant armour {unknown}
 h - 3 scrolls of amnesia {unknown}
 i - a scroll of teleportation {unknown}
 n - a scroll of remove curse {unknown}
Potions
 f - a potion of curing
Comestibles
 d - 7 rations
 j - a chunk of flesh


   Skills:
 + Level 2.9 Fighting
 - Level 1.7 Throwing
 * Level 2.0 Armour
 * Level 3.5 Dodging
 + Level 4.0 Unarmed Combat


You had 3 spell levels left.
You didn't know any spells.
Your spell library was empty.

Dungeon Overview and Level Annotations

Branches:
Dungeon (2/15)

Altars:

Annotations:
D:2 Sigmund


Innate Abilities, Weirdness & Mutations

Your body is rotting away.
You thrive on raw meat.
You are immune to poison.
You have sharp fingernails.
You are carnivorous and can eat meat at any time.
Your flesh is cold resistant. (rC+)
You are immune to negative energy. (rN+++)
You do not regenerate when monsters are visible.
You are immune to unholy pain and torment.
You can survive without breathing.


Message History

You closely miss something.
You hear some strange, mumbled words.
A magic dart appears from out of thin air!
The magic dart hits you!
You miss something. Something hits you!
* * * LOW HITPOINT WARNING * * *
x2 You barely miss something.
You miss something.
You hear some strange, mumbled words.
Something tries to affect you, but you resist.
You scratch something.
You hear some strange, mumbled words.
A magic dart appears from out of thin air!
The magic dart hits you!
* * * LOW HITPOINT WARNING * * *
You barely miss something.
You hear some strange, mumbled words.
A magic dart appears from out of thin air!
The magic dart hits you!
You die...

♣.♣♣
#....<##.......#
######### ♣.♣♣
#.....##..######
♣♣.♣
#####........#
♣.♣♣
#.......###.#
.♣♣ #.##..#.#
#.# .♣
###.##..#.###.#
.♣
#.............#
.♣
#....<#####.###
.♣ #.....# #@#
.♣ #.....# #{#
♣♣ #.....# #.# ♣
####### #.# ..#
###


There were no monsters in sight!

Vanquished Creatures
  4 adders (D:2)
  2 oozes
  2 worms (D:2)
  4 dart slugs
  A leopard gecko (D:1)
  2 ball pythons (D:1)
  10 bats
  4 giant cockroaches
  7 goblins (D:2)
  4 hobgoblins
  5 frilled lizards
  6 kobolds
  5 rats
56 creatures vanquished.

Notes
Turn   | Place    | Note
-------+----------+-------------------------------------------
     0 | D:1      | Borgoz the Ghoul Gladiator began the quest for the Orb.
     0 | D:1      | Reached XP level 1. HP: 17/17 MP: 0/0
   143 | D:1      | Reached XP level 2. HP: 25/25 MP: 1/1
   303 | D:1      | Reached skill level 1 in Armour
   356 | D:1      | Reached XP level 3. HP: 30/30 MP: 2/2
  1029 | D:2      | Reached XP level 4. HP: 28/37 MP: 3/3
  1333 | D:2      | Reached skill level 4 in Unarmed Combat
  1590 | D:2      | Noticed Sigmund
  1602 | D:2      | HP: 1/37 [something/magic dart (6)]
  1603 | D:2      | Killed from afar by Sigmund

Vault maps used:
D:1:      dpeg_arrival_lava_altar, solitary_fountain
D:2:      kb_forest_paths, uniq_sigmund

Skill      XL: |  1  2  3  4 |
---------------+-------------+-----
Dodging        | 3 |  3.5
Armour         | 1 2 |  2.0
Unarmed Combat | 4 |  4.0
Fighting       | |  2.9
Throwing       | |  1.7

Action                   |  1- 3 |  4- 6 || total
-------------------------+-------+-------++-------
Melee: Unarmed           |   118 |    96 ||   214
       Punch             |     1 |     1 ||     2
  Use: Potion            |       |     3 ||     3
 Stab: Sleeping          |     2 |       ||     2
  Eat: Chunk             |     7 |     4 ||    11
Armor: Leather armour    |    50 |    30 ||    80
Dodge: Dodged            |   106 |    59 ||   165

Table legend:
 A = Spawn XP
 B = Non-spawn XP
 C = Spawn XP percentage of total XP
 D = Spawn monster count
 E = Non-spawn monster count
 F = Spawn count percentage of total count
 G = Total turns spent on level
                    A         B        C        D         E        F      G
               +---------+---------+-------+---------+---------+-------+---------
         Total |       0 |     164 |   0.0 |       0 |      56 |   0.0 |  1603
               +---------+---------+-------+---------+---------+-------+---------
           D:1 |       0 |      54 |   0.0 |       0 |      27 |   0.0 |   952
           D:2 |       0 |     110 |   0.0 |       0 |      29 |   0.0 |   651
               +---------+---------+-------+---------+---------+-------+---------
